 Dungeon Crawl Stone Soup version 0.28.0 (webtiles) character file.

Game seed: 3991020792918538578

130 Torus the Slasher (level 5, -2/45 HPs)
             Began as a Ghoul Fighter on Feb 12, 2022.
             Was a Follower of Uskayaw.
             Slain by an iguana (8 damage)
             ... on level 4 of the Dungeon.
             The game lasted 00:04:41 (3198 turns).

Torus the Slasher (Ghoul Fighter)                   Turns: 3198, Time: 00:04:42

Health: -2/45      AC:  7    Str: 20    XL:     5   Next: 13%
Magic:  4/4        EV:  9    Int:  5    God:    Uskayaw [*.....]
Gold:   128        SH:  4    Dex:  8    Spells: 4/4 levels left

rFire   . . .      SeeInvis .   a - +0 long sword
rCold   + . .      Faith    .   c - +0 buckler
rNeg    + + +      Spirit   .   b - +1 scale mail
rPois   ∞          Reflect  .   (no helmet)
rElec   .          Harm     .   (no cloak)
rCorr   +          Rampage  .   (no gloves)
Will    .....                   (no boots)
Stlth   ..........              (no amulet)
HPRegen 0.00/turn               o - ring of resist corrosion
MPRegen 0.09/turn               (no ring)

@: inhibited regen
A: claws 1, cold resistance 1, negative energy resistance 3, inhibited
regeneration, torment resistance 2
a: Renounce Religion, Stomp


You were on level 4 of the Dungeon.
You worshipped Uskayaw.
Uskayaw was noncommittal.
You visited 1 branch of the dungeon, and saw 4 of its levels.

You collected 128 gold pieces.

Inventory:

Hand Weapons
 a - a +0 long sword (weapon)
Missiles
 e - 172 stones (quivered)
 i - 3 poisoned darts
 k - 18 bolts
 m - 23 arrows
Armour
 b - a +1 scale mail (worn)
 c - a +0 buckler (worn)
Jewellery
 o - a ring of resist corrosion (left claw)
Potions
 d - 2 potions of might
 f - a potion of ambrosia
 h - a potion of haste
 j - a potion of magic
 n - a potion of heal wounds


   Skills:
 - Level 3.2 Fighting
 + Level 4.7 Long Blades
 - Level 2.6 Armour
 - Level 2.6 Shields


You had 4 spell levels left.
You didn't know any spells.
Your spell library was empty.

Dungeon Overview and Level Annotations

Branches:
Dungeon (4/15)
 Temple: D:4-7

Altars:
Trog
Uskayaw


Innate Abilities, Weirdness & Mutations

You thrive by killing the living.
You are immune to poison.
You have sharp fingernails.
Your flesh is cold resistant. (rC+)
You are immune to negative energy. (rN+++)
You do not regenerate when monsters are visible.
You are immune to unholy pain and torment.


Message History

Found a club.
Found an escape hatch in the ceiling.
An iguana comes into view.
Found an escape hatch in the floor.
The iguana bites you!
You barely miss the iguana. The iguana closely misses you.
The iguana barely misses you.
You hit the iguana but do no damage. The iguana bites you.
You slash the iguana!
The iguana is severely wounded.
The iguana barely misses you.
You hit the iguana but do no damage.
The iguana is heavily wounded.
The iguana closely misses you.
You hit the iguana but do no damage.
The iguana is heavily wounded.
The iguana bites you! The iguana closely misses you.
You closely miss the iguana.
The iguana is heavily wounded.
The iguana bites you.
You are too injured to fight recklessly!
You are too injured to fight recklessly!
You are too injured to fight recklessly!
You are too injured to fight recklessly!
You closely miss the iguana.
The iguana is heavily wounded.
The iguana bites you.
You closely miss the iguana.
The iguana is heavily wounded.
The iguana bites you!
You closely miss the iguana.
The iguana is heavily wounded.
The iguana closely misses you.
You barely miss the iguana.
The iguana is heavily wounded.
You block the iguana's attack.
You hit the iguana.
The iguana is almost dead.
The iguana bites you!
You die...

...)...........#........
..........##..##@..#####
.....#..####..##l..#
.....#..# #..##...#
.....#..####..##.....
##............##...#.#
....#..)...........#.#
###.##.#####.....>## #
#.#### #..##.## #.. ####


You could see an iguana.

Vanquished Creatures
  Jessica (D:3)
  4 adders
  2 worms
  A dart slug (D:1)
  4 bats
  5 endoplasms
  6 giant cockroaches
  6 hobgoblins
  3 jackals (D:1)
  2 quokkas
  5 ball pythons
  2 frilled lizards (D:3)
  4 goblins
  4 kobolds
  12 rats
61 creatures vanquished.

Notes
Turn   | Place    | Note
-------+----------+-------------------------------------------
     0 | D:1      | Torus the Ghoul Fighter began the quest for the Orb.
     0 | D:1      | Reached XP level 1. HP: 19/19 MP: 0/0
    44 | D:1      | Reached skill level 2 in Long Blades
   116 | D:1      | Reached XP level 2. HP: 24/26 MP: 1/1
   374 | D:1      | Reached skill level 3 in Long Blades
   426 | D:1      | Reached XP level 3. HP: 30/31 MP: 2/2
  1082 | D:2      | Found a bloodstained altar of Trog.
  1299 | D:2      | Reached XP level 4. HP: 33/38 MP: 3/3
  1445 | D:2      | Found a faded altar of an unknown god.
  1454 | D:2      | Prayed at the altar of an unknown god.
  1454 | D:2      | Became a worshipper of Uskayaw the Reveller
  1454 | D:2      | Reached * piety under Uskayaw
  1500 | D:2      | Reached skill level 4 in Long Blades
  1970 | D:3      | Noticed Jessica
  1975 | D:3      | Killed Jessica
  1978 | D:3      | Reached ** piety under Uskayaw
  2809 | D:3      | Reached XP level 5. HP: 43/45 MP: 4/4
  3198 | D:4      | Slain by an iguana

Illustrated notes

Levels and vault maps discovered:
D:1:      dpeg_arrival_prison, layout_basic, minmay_misc_feat_cross
D:2:      layout_basic, basic_ecumenical_altar, basic_altar
D:3:      layout_basic, serial_glass, glass_columns_c, glass_columns_b,
          glass_columns_a, glass_columns_a, st_stairs_7, uniq_jessica
D:4:      layout_loops_ring, grunt_gozag_breadcrumbs,
          mainiacjoe_overflow_24_doors, zin_treasury, minmay_pentangle

Skill      XL: |  1  2  3  4 |
---------------+-------------+-----
Long Blades    | 2 3 4 |  4.7
Fighting       | |  3.2
Armour         | |  2.6
Shields        | |  2.6

Action                   |  1- 3 |  4- 6 || total
-------------------------+-------+-------++-------
Melee: Long sword        |   110 |    83 ||   193
  Use: Scroll            |     2 |     6 ||     8
Armor: Scale mail        |    44 |    31 ||    75
Dodge: Dodged            |    62 |    31 ||    93
Block: Buckler           |    19 |    13 ||    32
